 Dungeon Crawl Stone Soup version 0.23-a0-607-g760965b (webtiles) character file.

1787 Flooderbenga the Cleaver (level 8, 0/76 HPs)
             Began as a Deep Dwarf Fighter on Dec 20, 2018.
             Was an Initiate of Makhleb.
             Slain by a hornet (6 damage)
             ... while paralysed by a hornet
             ... on level 8 of the Dungeon.
             The game lasted 01:47:57 (1799 turns).

Flooderbenga the Cleaver (Deep Dwarf Fighter)       Turns: 1799, Time: 01:47:58

Health: 0/76       AC:  7    Str: 21    XL:     8   Next: 82%
Magic:  5/5        EV:  2    Int: 10    God:    Makhleb [......]
Gold:   127        SH:  0    Dex: 15    Spells: 7/7 levels left

rFire    + . .     SeeInvis .   o - +3 mace
rCold    . . .     Gourm    .   c - +1 shield
rNeg     . . .     Faith    +   e - +0 ring mail {rF+}
rPois    .         Spirit   .   (no helmet)
rElec    .         Reflect  .   x - +0 cloak
rCorr    .         Harm     .   (no gloves)
MR       +....                  (no boots)
Stlth    +.........             i - amulet of faith
HPRegen  0.00/turn              w - +3 ring of dexterity
MPRegen  0.09/turn              (no ring)

@: paralysed, lethally poisoned (0 -> -9), non-regenerating, slowed, studying
Evocations
A: damage resistance, heal wounds, sense surroundings 1, no regeneration
a: Heal Wounds, Renounce Religion


You were on level 8 of the Dungeon.
You worshipped Makhleb.
Makhleb was noncommittal.
You were not hungry.

You visited 2 branches of the dungeon, and saw 9 of its levels.

You collected 375 gold pieces.
You spent 248 gold pieces at shops.

Inventory:

Hand Weapons
 a - a +0 war axe
 o - a +3 mace (weapon)
Missiles
 d - 11 poisoned needles
 j - 55 stones (quivered)
Armour
 c - a +1 shield (worn)
 e - a +0 ring mail of fire resistance (worn)
 x - a +0 cloak (worn)
Jewellery
 b - an uncursed ring of teleportation
 i - an amulet of faith (around neck)
 w - a +3 ring of dexterity (left hand)
Scrolls
 k - 3 scrolls of remove curse {@r2}
 p - a scroll of immolation
 r - a scroll of identify {@r1}
 u - a scroll of fog {@r4}
 y - a scroll of magic mapping
Potions
 h - a potion of degeneration
 l - a potion of ambrosia
 m - a potion of heal wounds {@q2}
 n - a potion of invisibility
 q - 3 potions of curing {@q1}
 t - a potion of haste {@q3}
Books
 s - a manual of Evocations
Comestibles
 f - 8 rations


   Skills:
 * Level 6.0 Fighting
 + Level 9.5 Axes
 - Level 4.0 Armour
 - Level 1.1 Dodging
 + Level 5.6 Shields
 - Level 1.0 Evocations


You had 7 spell levels left.
You didn't know any spells.
Your spell library was empty.

Dungeon Overview and Level Annotations

Branches:
Dungeon (8/15)             Temple (1/1) D:6
   Lair: D:8-11

Altars:
Ashenzari
Cheibriados
Dithmenos
Fedhas
Gozag
Hepliaklqana
Kikubaaqudgha
Makhleb
Nemelex Xobeh
Qazlal
Ru
Sif Muna
Trog
Vehumet
Xom
Yredelemnul

Shops:
D:4 ?**}


Innate Abilities, Weirdness & Mutations

You are resistant to damage.
You can heal yourself by infusing magical energy.
You passively map a small area around you.
You do not regenerate.


Message History

The hornet barely misses you. The hornet completely misses you.
You take 2 damage, and have 45/76 hp.
You barely miss the hornet. You block the hornet's attack.
The hornet stings you but does no damage.
You hit the hornet but do no damage. The hornet stings you!
You feel as though you will be slow longer.
The hornet stings you!
You feel as though you will be slow longer.
The hornet stings you!
* * * LOW HITPOINT WARNING * * *
You are more poisoned.
You suddenly lose the ability to move!
You feel sick. The hornet stings you!
* * * LOW HITPOINT WARNING * * *
You are lethally poisoned!
You feel as though you will be slow longer.
The hornet completely misses you.
* * * LOW HITPOINT WARNING * * *
You feel sick. The hornet stings you!
You die...

#............ , ,,
#....######## , ,* #....# ,
** ##..## * * ##.#* ######*
#..y.(#.....##############
#..........................
#...............####........
#............y@.# #........
#.......[.......# #####..##
#.....$=<......># **## *
#...............# ,, , *,
.........#* ,, , .(........
,, * , , * .......###* *,
..####.* ,


You could see a hornet.

Vanquished Creatures
  Grinder (D:5)
  A hippogriff (D:7)
  Menkaure (D:6)
  Duvessa (D:6)
  A black bear (D:7)
  An orc warrior (D:5)
  3 ogres
  A centaur (D:5)
  Dowan (D:6)
  A scorpion (D:4)
  2 centaur skeletons
  An orc wizard (D:6)
  A gnoll shaman (D:4)
  2 orc priests (D:6)
  A hound (D:5)
  3 iguanas
  Jessica (D:3)
  Ijyb (D:3)
  Terence (D:3)
  5 worker ants
  3 gnolls
  6 adders
  A shadow imp (D:5)
  An ooze (D:4)
  A worm (D:5)
  3 leopard geckos
  7 orcs
  A bat (D:2)
  A giant cockroach (D:4)
  A goblin (D:1)
  5 hobgoblins
  4 jackals (D:4)
  3 quokkas
  2 frilled lizards
  A giant cockroach zombie (D:5)
  A jackal zombie (D:7)
  2 kobolds
  2 leopard gecko skeletons (D:4)
  4 rats
79 creatures vanquished.

Notes
Turn   | Place    | Note
-------+----------+-------------------------------------------
     0 | D:1      | Flooderbenga the Deep Dwarf Fighter began the quest for the
                  | Orb.
     0 | D:1      | Reached XP level 1. HP: 20/20 MP: 1/1
   174 | D:2      | Reached skill level 3 in Axes
   174 | D:2      | Reached XP level 2. HP: 21/27 MP: 2/2
   203 | D:1      | You fall through a shaft!
   283 | D:2      | Reached XP level 3. HP: 18/34 MP: 3/3
   329 | D:3      | Noticed Jessica
   336 | D:3      | Noticed Ijyb
   338 | D:3      | Noticed Terence
   345 | D:3      | Killed Jessica
   345 | D:3      | Reached skill level 4 in Axes
   348 | D:3      | Killed Terence
   348 | D:3      | Reached XP level 4. HP: 40/42 MP: 4/4
   350 | D:3      | Killed Ijyb
   350 | D:3      | Reached skill level 5 in Axes
   376 | D:4      | Found Owagoc's General Store.
   391 | D:3      | Reached skill level 1 in Evocations
   442 | D:4      | Reached XP level 5. HP: 29/49 MP: 5/5
   452 | D:4      | Found Affisuf's Gadget Boutique.
   467 | D:4      | Noticed an ogre
   471 | D:4      | Killed an ogre
   471 | D:4      | Reached skill level 6 in Axes
   473 | D:4      | Noticed a phantom
   498 | D:4      | Reached XP level 6. HP: 17/56 MP: 6/6
   502 | D:4      | Reached skill level 7 in Axes
   569 | D:4      | Found Viup's Assorted Antiques.
   642 | D:2      | Reached skill level 8 in Axes
   745 | D:4      | Reached XP level 7. HP: 49/62 MP: 7/7
   806 | D:5      | Entered Level 5 of the Dungeon
   840 | D:4      | Bought a scroll labeled UZOOWU PIRR for 31 gold pieces
   840 | D:4      | Bought a lumpy inky potion for 27 gold pieces
   840 | D:4      | Bought a fizzy puce potion for 27 gold pieces
   840 | D:4      | Bought a scroll labeled FOPOOGA ZUVI for 31 gold pieces
   854 | D:4      | Found Ominuo's Magic Scroll Shop.
   870 | D:4      | Bought a scroll of remove curse for 33 gold pieces
   870 | D:4      | Bought a scroll of teleportation for 33 gold pieces
   972 | D:5      | Reached skill level 1 in Dodging
   975 | D:5      | Noticed Grinder
   975 | D:5      | Noticed a wyvern
  1109 | D:5      | Paralysed by Grinder for 2 turns
  1118 | D:5      | Killed Grinder
  1172 | D:5      | Reached XP level 8. HP: 34/72 MP: 5/5
  1307 | D:5      | Identified Zogel's Almanac of the Oath and Flight
  1354 | D:4      | Bought a scroll of identify for 22 gold pieces
  1354 | D:4      | Bought a scroll of identify for 22 gold pieces
  1354 | D:4      | Bought a scroll of fog for 22 gold pieces
  1375 | D:5      | Reached skill level 9 in Axes
  1390 | D:6      | Found a staircase to the Ecumenical Temple.
  1401 | Temple   | Entered the Ecumenical Temple
  1453 | Temple   | Became a worshipper of Makhleb the Destroyer
  1541 | D:6      | Noticed Menkaure
  1544 | D:6      | Killed Menkaure
  1559 | D:6      | Reached skill level 5 in Fighting
  1610 | D:6      | Noticed Duvessa
  1610 | D:6      | Noticed Dowan
  1614 | D:6      | Killed Duvessa
  1614 | D:6      | Reached skill level 5 in Shields
  1619 | D:6      | Killed Dowan
  1633 | D:6      | Found an ancient bone altar of Kikubaaqudgha.
  1656 | D:7      | Noticed a hippogriff
  1678 | D:7      | Killed a hippogriff
  1751 | D:8      | Noticed a hornet
  1756 | D:8      | Paralysed by a hornet for 2 turns
  1766 | D:8      | Paralysed by a hornet for 2 turns
  1789 | D:8      | Paralysed by a hornet for 3 turns
  1794 | D:8      | Paralysed by a hornet for 1 turns
  1797 | D:8      | Paralysed by a hornet for 3 turns
  1799 | D:8      | Slain by a hornet

Vault maps used:
D:1:      lemuel_arrival_tunnels
D:2:      cheibrodos_pilgrimage
D:3:      uniq_jessica, uniq_sigmund, uniq_ijyb, uniq_terence
D:4:      first_ration, serial_shops, nicolae_shop_crystal, shop_scrolls, shop,
          shop_coins, abandoned_shop, corexii_hall_statues_l
D:5:      minmay_manual_monstrance, uniq_grinder
D:6:      lemuel_doored_altar, minmay_temple_entry_tees, uniq_duvessa,
          uniq_menkaure
D:7:      zin_academy
D:8:      serial_shops, nicolae_shop_temple_entry_statues_fountains,
          kennysheep_generic_room_8
Temple:   regret_index_temple_chain_breaker

Skill      XL: |  1  2  3  4  5  6  7  8 |
---------------+-------------------------+-----
Axes           | 3 4 5 6 8 9 |  9.5
Fighting       | 3 4 6 |  6.0
Evocations     | 1 |  1.0
Armour         | 4 |  4.0
Dodging        | 1 |  1.1
Shields        | 4 5 |  5.6

Action                   |  1- 3 |  4- 6 |  7- 9 || total
-------------------------+-------+-------+-------++-------
Melee: War axe           |    62 |    91 |   150 ||   303
       Mace              |       |       |     6 ||     6
Throw: Tomahawk          |     1 |     2 |       ||     3
       Stone             |       |     4 |    16 ||    20
 Abil: Heal Wounds       |     1 |     2 |    19 ||    22
Evoke: Wand              |       |    30 |     5 ||    35
  Use: Potion            |     3 |       |     8 ||    11
       Scroll            |       |     2 |    11 ||    13
  Eat: Chunk             |       |       |     4 ||     4
Armor: Scale mail        |    32 |     1 |       ||    33
       Ring mail         |       |    26 |    34 ||    60
       Skin              |       |       |    14 ||    14
Dodge: Dodged            |    34 |    29 |    66 ||   129
Block: Shield            |    46 |    49 |   104 ||   199

Table legend:
 A = Non-vault XP
 B = Vault XP
 C = Vault XP percentage of total XP
 D = Non-vault monster count
 E = Vault monster count
 F = Vault count percentage of total count
                 A         B        C        D         E       F
            +---------+---------+-------+---------+---------+-------
      Total |    1646 |     908 |  35.6 |      66 |      13 |  16.5
            +---------+---------+-------+---------+---------+-------
        D:1 |       7 |       0 |   0.0 |       5 |       0 |   0.0
        D:2 |      43 |       9 |  17.3 |      12 |       3 |  20.0
        D:3 |      21 |     105 |  83.3 |       4 |       3 |  42.9
        D:4 |     659 |       0 |   0.0 |      25 |       0 |   0.0
        D:5 |     407 |     403 |  49.8 |      10 |       4 |  28.6
        D:6 |      86 |     391 |  82.0 |       5 |       3 |  37.5
        D:7 |     420 |       0 |   0.0 |       4 |       0 |   0.0
        D:8 |       3 |       0 |   0.0 |       1 |       0 |   0.0
            +---------+---------+-------+---------+---------+-------
